 Dungeon Crawl Stone Soup version 0.27.0-1-g7a089689b8 (webtiles) character file.

Game seed: 5531966043602009126

8313 MajorAdolf the Covert (level 11, -9/86 HPs)
             Began as a Naga Wanderer on Aug 9, 2021.
             Killed from afar by a gargoyle (14 damage)
             ... with a stone arrow
             ... on level 11 of the Dungeon.
             The game lasted 00:43:11 (22747 turns).

MajorAdolf the Covert (Naga Wanderer)              Turns: 22747, Time: 00:43:12

Health: -9/86      AC:  7    Str: 12    XL:     11   Next: 28%
Magic:  14/19      EV:  9    Int: 15    God:
Gold:   627        SH:  0    Dex: 20    Spells: 4/20 levels left

rFire    . . .     SeeInvis +   L - +1 whip (elec)
rCold    + . .     Faith    .   (no shield)
rNeg     . . .     Spirit   .   c - +0 robe
rPois    +         Reflect  .   r - +0 helmet
rElec    .         Harm     .   w - +0 cloak
rCorr    .         Rampage  .   a - +0 pair of gloves
Will     +....                  (no barding)
Stlth    +++++.....             (no amulet)
HPRegen  0.24/turn              h - ring of protection from cold
MPRegen  0.16/turn              t - +6 ring of dexterity

@: about to teleport, very slow
A: AC +3, large, see invisible, deformed body, poison resistance, slowness 2,
spit poison 1, naga tail 1
a: Spit Poison


You were on level 11 of the Dungeon.
You visited 3 branches of the dungeon, and saw 15 of its levels.

You collected 627 gold pieces.

Inventory:

Hand Weapons
 d - a +0 dagger
 L - a +1 whip of electrocution (weapon)
Missiles
 F - 3 throwing nets
Armour
 a - a +0 pair of gloves (worn)
 c - a +0 robe (worn)
 q - a +2 chain mail of fire resistance
 r - a +0 helmet (worn)
 v - a +0 kite shield
 w - a +0 cloak (worn)
 G - a +0 tower shield
Magical Staves
 j - a staff of fire
Jewellery
 b - an amulet of regeneration
 h - a ring of protection from cold (left hand)
 l - a ring of protection from cold
 t - a +6 ring of dexterity (right hand)
 u - a +6 ring of intelligence
 x - a ring of resist corrosion
 D - a ring of flight
 P - a ring of protection from fire
 T - a +4 ring of protection
Wands
 e - a wand of digging (6)
 B - a wand of iceblast (24)
 H - a wand of flame (40)
 I - a wand of polymorph (19)
 M - a wand of paralysis (3)
 V - a wand of acid (4)
Scrolls
 i - 3 scrolls of vulnerability {unknown}
 k - a scroll of fog {unknown}
 n - 4 scrolls of teleportation
 o - a scroll of fear {unknown}
 p - 3 scrolls of amnesia {unknown}
 s - 2 scrolls of blinking {unknown}
 y - 7 scrolls of identify {unknown}
 z - 3 scrolls of torment {unknown}
 A - a scroll of silence {unknown}
 E - a scroll of noise {unknown}
 K - a scroll of enchant weapon {unknown}
 N - a scroll of acquirement {unknown}
 O - 3 scrolls of enchant armour {unknown}
 R - a scroll of holy word {unknown}
 U - 2 scrolls of magic mapping {unknown}
Potions
 f - a potion of ambrosia {unknown}
 g - 2 potions of mutation {unknown}
 C - 2 potions of heal wounds {unknown}
 J - a potion of attraction {unknown}
 Q - a potion of haste {unknown}
 S - a potion of curing
 W - a potion of cancellation {unknown}
Miscellaneous
 m - a box of beasts


   Skills:
 - Level 2.0 Fighting
 + Level 3.8 Maces & Flails
 - Level 1.0 Throwing
 + Level 9.7 Stealth
 + Level 4.2 Shields
 - Level 1.0 Unarmed Combat
 + Level 5.4 Spellcasting
 + Level 6.0 Conjurations
 + Level 5.4 Summonings
 + Level 4.3 Translocations
 + Level 5.3 Fire Magic
 + Level 4.9 Air Magic
 + Level 3.5 Earth Magic
 + Level 6.4 Poison Magic


You had 4 spell levels left.
You knew the following spells:

 Your Spells              Type           Power      Damage    Failure   Level
a - Magic Dart            Conj           88%        1d7       1%          1
b - Call Imp              Summ           20%        N/A       2%          2
c - Conjure Flame         Conj/Fire      21%        6-21      4%          3
d - Mephitic Cloud        Conj/Pois/Air  21%        N/A       4%          3
e - Blink                 Tloc           N/A        N/A       4%          2
f - Bolt of Magma         Conj/Fire/Erth 9%         4d7       50%         5

Your spell library contained the following spells:

 Spells                   Type           Power      Damage    Failure   Level
 Shock                    Conj/Air       80%        1d8       1%          1
 Summon Small Mammal      Summ           80%        N/A       1%          1
 Apportation              Tloc           34%        N/A       2%          1
 Swiftness                Air            18%        N/A       6%          3
 Animate Skeleton         Necr           8%         N/A       16%         1
 Corona                   Hex            4%         N/A       16%         1
 Pain                     Necr           16%        1d4       16%         1
 Iskenderun's Mystic Bla  Conj/Tloc      19%        2d6       19%         4
 Airstrike                Air            9%         N/A       21%         4
 Slow                     Hex            4%         N/A       24%         2
 Fulminant Prism          Conj/Hex       6%         3d7       41%         4
 Vampiric Draining        Necr           2%         2d6       43%         3
 Leda's Liquefaction      Hex/Erth       4%         N/A       58%         4
 Lee's Rapid Deconstruct  Erth           7%         3d7*      69%         5
 Statue Form              Tmut/Erth      6%         N/A       100%        6


Dungeon Overview and Level Annotations

Branches:
Dungeon (13/15)            Temple (1/1) D:6            Lair (1/6) D:8
    Orc (0/2) D:9
 Vaults: D:13-14

Altars:
Ashenzari
Cheibriados
Dithmenos
Elyvilon
Fedhas
Gozag
Hepliaklqana
Kikubaaqudgha
Makhleb
Nemelex Xobeh
Okawaru
Qazlal
Ru
Sif Muna
Trog
Uskayaw
Vehumet
Wu Jian
Xom
Yredelemnul
Zin
The Shining One

Annotations:
D:13 exclusions: centaur warrior and hydra


Innate Abilities, Weirdness & Mutations

Your serpentine skin is tough. (AC +3)
You have supernaturally acute eyesight. (SInv)
Armour fits poorly on your strangely shaped body.
Your system is resistant to poisons. (rPois)
You cover ground very slowly.
You can spit poison.
You have a snake-like lower body.


Message History

You blink.
Casting: Blink (safe; 4% risk of failure)
Confirm with . or Enter, or press ? or * to list all spells.
A shadowy apparition takes form in the air.
The gargoyle hits you with a +0 morningstar.
Casting: Call Imp (safe; 2% risk of failure)
Confirm with . or Enter, or press ? or * to list all spells.
A metallic apparition takes form in the air.
The gargoyle hurls a stone arrow at you.
The stone arrow hits you!
Unknown command.
You hit the gargoyle but do no damage.
The gargoyle hits you with a +0 morningstar!
Unknown command.
You barely miss the gargoyle.
Your shadow imp hits the gargoyle but does no damage.
Your iron imp hits the gargoyle.
You hit the gargoyle.
The gargoyle is lightly damaged.
The gargoyle hits you with a +0 morningstar!!
Your shadow imp hits the gargoyle but does no damage.
Your iron imp hits the gargoyle.
You hit the gargoyle but do no damage.
The gargoyle is moderately damaged.
The gargoyle hits you with a +0 morningstar!!
* * * LOW HITPOINT WARNING * * *
Your shadow imp barely misses the gargoyle.
Unknown command.
Okay, then.
Okay, then.
Okay, then.
The gargoyle hurls a stone arrow at you.
The stone arrow hits your shadow imp!!
Your shadow imp dies!
Your iron imp hits the gargoyle but does no damage.
As you read the scroll of teleportation, it crumbles to dust.
You feel strangely unstable.
The gargoyle hurls a stone arrow at you.
The stone arrow hits you!
You die...

...#
##############
...#
#............#
####
#.##########.#
# #.# #.# #
#.# ####.# #
#.# ........#
# #.#
######5.# #
#.# #9.# #.#
#@.# #.# #..#
#.# #..#
#.#########..#
#......(.[#..#
#########.####
#.# #.# #.#


You could see a gargoyle (ally target) and a friendly iron imp (summoned).

Vanquished Creatures
  2 two-headed ogres
  2 cyclopes (D:11)
  A kobold demonologist (D:11)
  A troll (D:11)
  A hornet (D:8)
  A vampire (D:12)
  A shadow (D:9)
  2 wraiths
  A wyvern (D:9)
  5 yaks (D:9)
  A steam dragon (D:9)
  A floating eye (D:9)
  8 orc warriors
  2 ogres
  A necrophage (D:8)
  3 centaurs
  A phantom (D:5)
  3 kobold brigands
  A bullfrog (D:8)
  A scorpion (D:3)
  A water moccasin skeleton (D:7)
  4 killer bees
  6 wights
  4 howler monkeys
  An electric eel (D:8)
  3 hounds
  4 centaur zombies
  A jelly (D:5)
  A bullfrog zombie (D:6)
  6 orc priests
  2 gnoll shamans
  2 centaur skeletons
  A bullfrog skeleton (D:5)
  2 iguanas
  Ijyb (D:3)
  Terence (D:3)
  Natasha (twice) (D:2)
  6 orc wizards
  2 killer bee zombies
  A hound zombie (D:5)
  2 hound skeletons
  A howler monkey zombie (D:9)
  3 gnolls
  8 adders
  2 shadow imps
  A white imp (D:5)
  An ufetubus (D:4)
  An adder zombie (D:5)
  An adder skeleton (D:4)
  2 worms (D:4)
  28 orcs
  7 ball pythons
  5 endoplasms
  2 giant cockroaches
  13 goblins (D:2)
  2 hobgoblins
  15 jackals
  20 kobolds
  5 quokkas
  3 bats
  3 frilled lizards
  A quokka skeleton (D:4)
  2 rats
218 creatures vanquished.

Vanquished Creatures (collateral kills)
  Menkaure (D:6)
  2 sky beasts
  2 centaurs (D:5)
  2 kobold brigands
  A wyvern zombie (D:7)
  A howler monkey (D:5)
  A jelly (D:3)
  An orc wizard (D:6)
  Robin (D:2)
  2 orcs (D:6)
  2 hobgoblins (D:2)
16 creatures vanquished.

Grand Total: 234 creatures vanquished

Notes
Turn   | Place    | Note
-------+----------+-------------------------------------------
     0 | D:1      | MajorAdolf the Naga Wanderer began the quest for the Orb.
     0 | D:1      | MajorAdolf set off with the following items: a +0
                  | quarterstaff, a potion of curing, a +0 robe, a +0 dagger;
                  | and the following spell memorised: Magic Dart; and the
                  | following spells available to memorise: Blink, Call Imp,
                  | Slow, Conjure Flame, Mephitic Cloud
     0 | D:1      | Reached XP level 1. HP: 19/19 MP: 2/2
   307 | D:1      | Reached XP level 2. HP: 26/26 MP: 1/3
   934 | D:1      | Reached skill level 1 in Conjurations
  1169 | D:2      | Noticed Natasha
  1582 | D:2      | Killed Natasha
  1583 | D:2      | Reached skill level 4 in Stealth
  1583 | D:2      | Reached XP level 3. HP: 11/32 MP: 1/6
  1793 | D:2      | Learned a level 2 spell: Call Imp
  1797 | D:2      | Learned a level 3 spell: Conjure Flame
  2011 | D:2      | Found a faded altar of an unknown god.
  2046 | D:2      | Noticed Natasha
  2056 | D:2      | Killed Natasha
  2057 | D:2      | Reached XP level 4. HP: 39/39 MP: 0/7
  2311 | D:2      | Noticed Robin
  2747 | D:3      | Reached skill level 1 in Fire Magic
  2779 | D:3      | Noticed Ijyb
  2800 | D:3      | Killed Ijyb
  2801 | D:3      | Reached skill level 1 in Summonings
  2801 | D:3      | Reached XP level 5. HP: 28/45 MP: 0/8
  3077 | D:3      | Reached skill level 5 in Stealth
  3092 | D:3      | Reached XP level 6. HP: 16/52 MP: 1/10
  4405 | D:3      | Noticed Terence
  4417 | D:3      | Killed Terence
  4565 | D:3      | Found an iron altar of Okawaru.
  4566 | D:3      | Found a burning altar of Makhleb.
  4568 | D:3      | Found a hide-covered altar of Uskayaw.
  4568 | D:3      | Found an opulent altar of Gozag.
  4837 | D:2      | Killed Robin
  5424 | D:4      | Learned a level 3 spell: Mephitic Cloud
  6425 | D:5      | Entered Level 5 of the Dungeon
  6444 | D:5      | Reached XP level 7. HP: 57/60 MP: 3/11
  6628 | D:5      | Reached skill level 6 in Stealth
  6696 | D:5      | Reached skill level 1 in Poison Magic
  7250 | D:5      | Reached skill level 1 in Air Magic
  8390 | D:5      | Found a snail-covered altar of Cheibriados.
  8408 | D:5      | Found a shimmering altar of Xom.
  8408 | D:5      | Found a shadowy altar of Dithmenos.
  8408 | D:5      | Found a shimmering blue altar of Sif Muna.
  8413 | D:5      | Found a sparkling altar of Nemelex Xobeh.
  8962 | D:5      | Reached XP level 8. HP: 60/67 MP: 4/13
  9211 | D:6      | Found an ancient bone altar of Kikubaaqudgha.
  9746 | D:6      | Noticed Menkaure
 10492 | D:5      | Learned a level 2 spell: Blink
 11502 | D:6      | Killed Menkaure
 11503 | D:6      | Reached skill level 7 in Stealth
 11503 | D:6      | Reached skill level 1 in Translocations
 11847 | D:6      | Found a staircase to the Ecumenical Temple.
 11870 | Temple   | Entered the Ecumenical Temple
 14118 | D:7      | Reached XP level 9. HP: 73/73 MP: 15/15
 14140 | D:7      | You fall into a shaft and drop 3 floors!
 14140 | D:10     | Entered Level 10 of the Dungeon
 14873 | D:10     | Reached skill level 1 in Maces & Flails
 15779 | D:9      | Learned a level 5 spell: Bolt of Magma
 15792 | D:9      | Reached skill level 8 in Stealth
 15963 | D:8      | Noticed a hornet
 15981 | D:8      | Killed a hornet
 16149 | D:8      | Noticed a two-headed ogre
 16154 | D:8      | Killed a two-headed ogre
 16607 | D:8      | Reached skill level 5 in Conjurations
 16607 | D:8      | Reached skill level 5 in Poison Magic
 16742 | D:8      | Reached XP level 10. HP: 80/80 MP: 1/17
 17147 | D:8      | Found a staircase to the Lair.
 18428 | D:7      | Found an ornate altar of the Wu Jian Council.
 18877 | Lair:1   | Entered Level 1 of the Lair of Beasts
 19201 | D:9      | Reached skill level 9 in Stealth
 19655 | D:9      | Reached skill level 5 in Spellcasting
 19700 | D:9      | Noticed a two-headed ogre
 19893 | D:9      | Killed a two-headed ogre
 19894 | D:9      | Reached skill level 5 in Summonings
 19901 | D:9      | Reached skill level 5 in Fire Magic
 20223 | D:9      | Found a staircase to the Orcish Mines.
 20923 | D:11     | Reached XP level 11. HP: 21/86 MP: 15/18
 21252 | D:11     | You fall into a shaft and drop 2 floors!
 21253 | D:13     | Noticed a centaur warrior
 21267 | D:13     | Noticed an eight-headed hydra
 21326 | D:13     | Noticed a boulder beetle
 22136 | D:11     | Noticed a cyclops
 22140 | D:11     | Noticed a cyclops
 22143 | D:11     | Killed a cyclops
 22160 | D:11     | Killed a cyclops
 22745 | D:11     | HP: 4/86 [gargoyle (23)]
 22747 | D:11     | Killed from afar by a gargoyle

Illustrated notes

Levels and vault maps discovered:
D:1:      saegor_arrival_simple_b, layout_basic, chequers_serial_rivers_small_3
D:2:      layout_loops_ring, shapermc_ecumenical_altar_notcrosses, uniq_natasha,
          uniq_robin
D:3:      layout_rooms, chequers_temple_overflow_statue_of_worship, uniq_ijyb,
          uniq_terence
D:4:      layout_rooms
D:5:      layout_gridville, minitemple, grunt_decor_one_mirror
D:6:      layout_cave_pools, mainiacjoe_overflow_paths,
          minmay_temple_entry_proselytizer, uniq_menkaure
D:7:      layout_basic, nicolae_wu_jian_glorious_leap
D:8:      layout_loops_ring, dpeg_oklobed_lair, chequers_big_river
D:9:      layout_loops_cross, david_orc_2, onia_ninara_cookie
D:10:     layout_basic, grunt_ogre_cave
D:11:     layout_basic
D:12:     layout_irregular_city, kennysheep_minor_cross,
          nemelex_diamond_rough_becter
D:13:     layout_rooms, yredelemnul_altar_generic
Temple:   minmay_temple_curvy_loop
Lair:1:   layout_small_grid, infiniplex_staircase_pool, uniq_erica

Skill      XL: |  1  2  3  4  5  6  7  8  9 10 11 |
---------------+----------------------------------+-----
Conjurations   | 1 2 3 4 5 6 |  6.0
Stealth        | 4 5 6 7 8 9 |  9.7
Spellcasting   | 2 3 4 5 |  5.4
Fire Magic     | 1 2 3 4 5 |  5.3
Summonings     | 1 2 3 4 5 |  5.4
Poison Magic   | 2 3 5 6 |  6.4
Air Magic      | 1 2 3 4 |  4.9
Shields        | 2 3 4 |  4.2
Translocations | 1 3 4 |  4.3
Maces & Flails | 2 3 |  3.8
Earth Magic    | 3 |  3.5
Fighting       | |  2.0
Throwing       | |  1.0
Unarmed Combat | |  1.0

Action                   |  1- 3 |  4- 6 |  7- 9 | 10-12 || total
-------------------------+-------+-------+-------+-------++-------
Melee: Quarterstaff      |    16 |    44 |    10 |       ||    70
       Dagger            |       |       |   104 |       ||   104
       Whip              |       |       |    66 |   224 ||   290
 Cast: Magic Dart        |    41 |   151 |   302 |    81 ||   575
       Call Imp          |       |     3 |    24 |     4 ||    31
       Mephitic Cloud    |       |       |     2 |    22 ||    24
       Blink             |       |       |     1 |    11 ||    12
       Conjure Flame     |       |       |     1 |     2 ||     3
 Abil: Spit Poison       |    17 |    29 |    12 |     3 ||    61
Evoke: Wand              |       |       |    11 |     8 ||    19
  Use: Scroll            |       |     1 |       |     2 ||     3
       Potion            |       |       |     2 |     1 ||     3
 Stab: Distracted        |       |       |     1 |       ||     1
       Confused          |       |       |     1 |    20 ||    21
       Sleeping          |       |       |     1 |     2 ||     3
       Paralysed         |       |       |       |    12 ||    12
Armor: Robe              |     6 |    28 |   162 |    66 ||   262
Dodge: Dodged            |    16 |    51 |   195 |    76 ||   338
Block: Kite shield       |       |       |    52 |   129 ||   181
